Map: Oxide LE

Players

Nordres - Winner!

  • Race: Zerg Zerg
  • League: Master
  • Spawn Location: 1:00

LesTat

  • Race: Terran Terran
  • League: Master
  • Spawn Location: 7:00

VOD

Have the link to the VOD?

Description

Time

  • Played on: Oct. 2, 2020, 5:33 p.m.
  • Length: 19:30
Show
View Real Time Build Order
Export as new Build Order

Nordres Zerg - Winner!

Build Orders: Hatch First 

Get SALT Encoding   

  12  0:00  Drone  
  13  0:12  Overlord  
  13  0:18  Drone  
  14  0:30  Drone x2  
  16  0:50  Hatchery  
  16  0:52  Drone  
  16  0:56  Drone  
  17  0:58  Drone  
  18  1:09  Extractor  
  17  1:18  Spawning Pool  
  17  1:19  Drone  
  17  1:20  Drone  
  18  1:28  Drone  
  19  1:38  Drone  
  20  1:50  Overlord  
  20  2:05  Queen x2  
  20  2:06  Zergling x4  
  26  2:13  Metabolic Boost  
  26  2:18  Drone x2  
  28  2:25  Overlord  
  28  2:26  Drone  
  29  2:34  Overlord  
  29  2:42  Queen  
  31  2:44  Queen  
  33  2:56  Drone x3  
  33  2:57  Drone x2  
  38  3:08  Drone x2  
  40  3:19  Lair, Extractor  
  39  3:23  Drone x3  
  39  3:24  Drone  
  43  3:29  Overlord  
  43  3:35  Overlord  
  43  3:39  Hatchery  
  42  3:47  Zergling x4  
  44  3:54  Extractor, Baneling Nest  
  34  4:10  Drone x2  
  34  4:11  Drone x4  
  34  4:12  Drone  
  41  4:26  Spire  
  41  4:30  Drone x4  
  41  4:31  Drone  
  45  4:44  Drone x2  
  45  4:45  Drone x2  
  49  4:47  Extractor  
  48  4:53  Queen  
  50  5:03  Evolution Chamber  
  50  5:05  Evolution Chamber  
  50  5:06  Zergling x2  
  50  5:07  Zergling x8  
  52  5:25  Baneling x2  
  52  5:28  Baneling  
  52  5:29  Baneling x2  
  52  5:33  Drone x2  
  52  5:34  Drone x2  
  51  5:51  Corruptor  
  51  5:52  Corruptor x4  
  56  6:16  Zergling x14  
  61  6:32  Overlord x2  
  61  6:33  Overlord  
  60  6:46  Hatchery  
  55  6:53  Drone x4  
  57  7:05  Drone x4  
  61  7:14  Drone x2  
  61  7:52  Drone x2  
  61  7:53  Drone x6  
  61  7:57  Corruptor  
  71  8:02  Corruptor  
  73  8:11  Roach Warren  
  73  8:12  Zerg Missile Weapons Level 1, Zerg Melee Weapons Level 1  
  72  8:19  Mutalisk  
  72  8:20  Mutalisk x4  
  77  8:40  Mutalisk x6  
  84  8:54  Extractor, Drone x6  
  83  8:56  Extractor  
  83  8:59  Zerg Flyer Armor Level 1  
  82  9:17  Hatchery  
  82  9:19  Mutalisk x4  
  82  9:22  Overlord x4  
  86  9:56  Corruptor  
  86  9:57  Corruptor x7  
  98  10:01  Drone x4  
  98  10:06  Glial Reconstitution  
  102  10:10  Drone x2  
  102  10:12  Queen  
  106  10:22  Spore Crawler  
  106  10:24  Spore Crawler x2  
  97  10:39  Drone x4  
  97  10:41  Drone x10  
  111  10:47  Queen, Roach  
  115  10:56  Zergling x2  
  112  11:19  Mutalisk x4  
  112  11:25  Zerg Flyer Armor Level 2, Infestation Pit  
  119  11:28  Spire  
  118  11:37  Overlord  
  118  11:38  Overlord x2  
  118  11:52  Mutalisk  
  118  11:54  Overlord x4  
  120  11:57  Extractor  
  120  11:58  Extractor  
  118  12:04  Hive  
  118  12:16  Mutalisk  
  118  12:17  Mutalisk x9  
  118  12:20  Hatchery  
  137  12:28  Drone x15  
  152  12:31  Roach x3  
  158  12:40  Zerg Flyer Weapons Level 1  
  158  12:48  Pneumatized Carapace  
  158  12:52  Overlord x2  
  158  12:53  Overlord  
  156  13:23  Extractor  
  156  13:24  Extractor  
  154  13:33  Mutalisk x5  
  154  13:34  Mutalisk x8  
  170  13:46  Zerg Flyer Armor Level 3  
  170  13:52  Drone x9, Overlord x2  
  170  13:53  Overlord  
  179  14:03  Roach  
  179  14:04  Roach x8  
  190  14:28  Mutalisk  
  190  14:29  Mutalisk x5  
  199  14:36  Ravager x2  
  142  15:02  Mutalisk x3  
  142  15:03  Mutalisk x4  
  120  15:15  Roach x9  
  125  15:30  Drone x3  
  116  15:56  Mutalisk x3  
  116  15:57  Mutalisk x2  
  124  16:20  Hatchery  
  123  16:28  Roach  
  123  16:29  Roach x8  
  141  16:46  Hatchery  
  134  17:02  Zerg Flyer Weapons Level 2  
  134  17:04  Roach x4  
  134  17:05  Roach x5  
  134  17:07  Zerg Missile Weapons Level 2  
  152  17:09  Zerg Ground Armor Level 1  
  152  17:36  Mutalisk x2  
  152  17:37  Mutalisk x2  
  96  18:00  Mutalisk  
  96  18:01  Mutalisk x2  
  84  18:09  Roach  
  84  18:10  Roach x3  
  84  18:15  Overseer  
  80  18:33  Zergling x24  
  80  18:34  Zergling x8  
  96  18:36  Roach x6  
  96  18:37  Roach x3  
  111  19:04  Roach x4  
  111  19:05  Roach x6  
Show
View Real Time Build Order
Export as new Build Order

LesTat Terran 

Build Orders: Hellion Opening 

Get SALT Encoding   

  12  0:00  SCV  
  13  0:12  SCV  
  14  0:16  Supply Depot  
  14  0:24  SCV  
  15  0:38  SCV  
  15  0:40  Barracks  
  16  0:44  Refinery  
  16  0:50  SCV  
  17  1:02  SCV  
  18  1:14  SCV  
  19  1:27  Marine, Orbital Command  
  20  1:38  Command Center  
  20  1:44  Marine  
  21  1:53  SCV  
  22  1:57  Factory  
  22  2:04  Supply Depot  
  22  2:06  Barracks Reactor  
  22  2:11  SCV  
  23  2:18  Refinery  
  23  2:25  SCV  
  24  2:37  SCV  
  25  2:47  Hellion  
  25  2:48  Hellion  
  25  2:49  Starport  
  25  2:50  Orbital Command  
  29  2:53  SCV  
  30  3:05  Barracks Tech Lab, SCV  
  31  3:09  Hellion x2  
  35  3:16  SCV  
  36  3:21  SCV  
  36  3:24  Supply Depot  
  37  3:30  SCV  
  38  3:35  Fusion Core, Hellion x2  
  38  3:38  SCV  
  43  3:45  SCV  
  43  3:47  Supply Depot  
  44  3:50  SCV  
  45  3:56  Hellion  
  45  3:57  SCV  
  42  4:11  Hellion  
  42  4:12  SCV  
  43  4:18  Hellion  
  43  4:19  Supply Depot, SCV  
  43  4:22  Battlecruiser  
  43  4:24  SCV  
  53  4:31  SCV  
  54  4:33  Engineering Bay  
  54  4:34  Hellion  
  54  4:36  SCV  
  57  4:40  Hellion  
  57  4:43  SCV  
  60  4:48  SCV  
  61  4:53  Refinery, Supply Depot  
  61  4:55  SCV  
  61  4:56  Hellion  
  61  4:57  Refinery  
  64  5:00  SCV  
  64  5:02  Hellion  
  67  5:07  SCV  
  67  5:12  SCV  
  69  5:17  Hellion  
  69  5:19  SCV  
  69  5:20  Command Center  
  72  5:24  SCV  
  73  5:31  SCV  
  74  5:55  SCV  
  74  5:56  Hellion  
  77  6:00  Supply Depot, Battlecruiser  
  77  6:02  Supply Depot  
  83  6:07  Command Center  
  74  6:15  Hellion  
  74  6:17  Hellion  
  74  6:18  SCV  
  79  6:19  SCV  
  80  6:34  SCV  
  80  6:37  Hellion  
  80  6:39  Hellion  
  71  6:54  Missile Turret x2  
  71  6:56  Factory  
  71  6:58  SCV, Factory, Hellion  
  71  6:59  Factory  
  74  7:09  Weapon Refit  
  74  7:10  Battlecruiser  
  74  7:11  Barracks Tech Lab  
  74  7:14  SCV x2  
  82  7:27  Planetary Fortress, Missile Turret  
  82  7:28  Refinery, Missile Turret  
  82  7:30  Missile Turret  
  82  7:33  SCV  
  83  7:42  SCV  
  84  7:44  Factory Tech Lab x2  
  84  7:53  Hellion x2  
  84  7:56  SCV x2  
  84  7:57  Mag-Field Accelerator  
  90  8:05  SCV  
  91  8:08  SCV x2  
  93  8:13  Refinery  
  93  8:18  Battlecruiser  
  99  8:20  SCV  
  99  8:25  Supply Depot  
  100  8:27  SCV  
  100  8:31  Cyclone x2  
  100  8:32  Hellion  
  109  8:37  Missile Turret  
  109  8:56  SCV  
  109  8:58  Missile Turret  
  109  9:00  Missile Turret  
  110  9:03  Missile Turret  
  110  9:06  Cyclone  
  110  9:07  Siege Tank, Hellion x3  
  122  9:14  Factory  
  122  9:15  Factory  
  122  9:16  Factory  
  122  9:20  Command Center  
  122  9:21  Refinery  
  122  9:32  Missile Turret  
  122  9:37  Hellion  
  124  9:40  Armory x2  
  124  9:45  Refinery  
  124  9:46  Hellion  
  124  9:50  Cyclone  
  124  9:52  Siege Tank  
  124  10:00  Factory Tech Lab, Hellion  
  124  10:01  Factory Tech Lab  
  124  10:03  Missile Turret  
  124  10:06  Missile Turret  
  124  10:08  Missile Turret  
  124  10:23  Supply Depot  
  124  10:31  Cyclone x2  
  124  10:32  Hellion x4  
  138  10:36  Planetary Fortress  
  138  10:44  Thor  
  138  10:45  Siege Tank, Terran Vehicle Weapons Level 1  
  147  10:53  Missile Turret  
  147  10:54  Cyclone  
  147  10:55  Hellion  
  152  10:57  Factory Tech Lab  
  152  11:08  Cyclone  
  152  11:09  Cyclone  
  158  11:17  Cyclone  
  156  11:22  Cyclone  
  156  11:23  Hellion  
  161  11:27  Siege Tank  
  161  11:28  Missile Turret  
  164  11:39  Infernal Pre-Igniter  
  160  11:50  SCV  
  161  12:02  SCV  
  162  12:08  SCV  
  162  12:09  SCV, Thor  
  162  12:14  SCV  
  171  12:17  Supply Depot  
  171  12:19  SCV  
  172  12:23  Missile Turret  
  172  12:39  SCV x4, Cyclone  
  179  12:51  SCV  
  180  13:01  Supply Depot  
  180  13:04  Supply Depot  
  180  13:12  Thor  
  180  13:13  SCV x2  
  185  13:22  Thor  
  185  13:25  SCV x2  
  188  13:37  SCV  
  188  13:39  Siege Tank, Cyclone, Hellion x2  
  199  13:42  Armory  
  199  13:43  Armory  
  199  13:45  Missile Turret  
  199  13:48  Missile Turret  
  199  13:55  Command Center, Missile Turret  
  199  14:05  Missile Turret  
  185  14:31  Missile Turret x2  
  182  14:32  Missile Turret  
  182  14:33  Thor  
  182  14:34  Missile Turret  
  185  14:48  Command Center, Thor  
  185  14:49  Command Center  
  149  15:04  Cyclone  
  149  15:05  Hellion  
  121  15:08  Siege Tank, Cyclone, Hellion x2  
  119  15:17  Hellion  
  88  15:29  Thor  
  88  15:31  Cyclone  
  97  15:39  Siege Tank, Cyclone, Hellion  
  89  15:50  Thor  
  94  15:58  Missile Turret  
  94  16:00  Thor  
  94  16:03  Thor  
  106  16:13  Thor  
  112  16:20  Widow Mine x2  
  112  16:21  Thor  
  122  16:34  Thor  
  122  16:36  Hellion  
  122  16:38  SCV x2  
  132  16:40  Command Center  
  132  16:41  Widow Mine  
  132  16:45  Terran Vehicle And Ship Armor Level 1  
  129  16:58  Missile Turret  
  129  16:59  Hellion, Cyclone, Missile Turret  
  134  17:04  Widow Mine  
  134  17:05  Widow Mine  
  138  17:22  Missile Turret  
  120  17:32  Missile Turret x3  
  100  17:55  Cyclone  
  89  17:59  Siege Tank, Cyclone, Hellion x2  
  89  18:00  Hellion  
  60  18:14  Hellion  
  60  18:16  Hellion  
  58  18:24  Hellion  
  60  18:33  Missile Turret  
  60  19:03  Hellion x2  
  60  19:09  Missile Turret  
Tags
 
Add a new tag
Caveats
  • Supply blocks, unpowered buildings, or Contaminate may cause inaccurate times.
  • Supply counts are checked every 10 seconds.